 Dungeon Crawl Stone Soup version 0.17.1-3-g152610e (webtiles) character file.

174 Peloso the Shield-Bearer (level 5, -4/47 HPs)
             Began as a Minotaur Fighter on Apr 17, 2016.
             Was an Initiate of Okawaru.
             Slain by Sigmund
             ... wielding a +1 scythe of venom
              (9 damage)
             ... on level 3 of the Dungeon.
             The game lasted 00:04:17 (1600 turns).

Peloso the Shield-Bearer (Minotaur Fighter)         Turns: 1600, Time: 00:04:19

Health: -4/47      AC: 10    Str: 25    XL:     5   Next: 28%
Magic:  4/4        EV:  8    Int:  5    God:    Okawaru [......]
Gold:   103        SH: 10    Dex: 11    Spells: 0 memorised, 4 levels left

rFire  . . .     SeeInvis .     a - +0 long sword
rCold  . . .     Clarity  .     b - +0 scale mail
rNeg   . . .     SustAt   .     c - +0 shield
rPois  .         Gourm    .     (helmet restricted)
rElec  .         Spirit   .     (no cloak)
rCorr  .         Warding  .     l - +2 pair of gloves
rMut   .         Stasis   .     (no boots)
MR     .....                    (no amulet)
Stlth  ..........               (no ring)
                                (no ring)

@: mighty, lethally poisoned (-4 -> -12), not resistant to hostile enchantments,
extremely unstealthy
A: retaliatory headbutt, horns 2
a: Renounce Religion


You were on level 3 of the Dungeon.
You worshipped Okawaru.
Okawaru was noncommittal.
You were hungry.

You visited 1 branch of the dungeon, and saw 3 of its levels.

You collected 103 gold pieces.

Inventory:

Hand Weapons
 a - a +0 long sword (weapon)
Armour
 b - a +0 scale mail (worn)
 c - a +0 shield (worn)
 l - a +2 pair of gloves (worn)
Scrolls
 f - a scroll of fear {unknown}
 g - 2 scrolls of identify {unknown}
 h - a scroll of enchant armour {unknown}
 i - a scroll of recharging {unknown}
 j - a scroll of remove curse {unknown}
 n - a scroll of amnesia {unknown}
Potions
 o - a potion of poison
Comestibles
 e - 3 bread rations
 m - 3 meat rations
 p - 6 chunks of flesh


   Skills:
 + Level 4.6 Fighting
 + Level 3.0 Long Blades
 + Level 4.7 Armour
 + Level 2.1 Dodging
 + Level 4.8 Shields


You had 4 spell levels left.
You didn't know any spells.

Dungeon Overview and Level Annotations

Branches:
Dungeon (3/15)

Altars:
Ashenzari
Fedhas
Okawaru
Ru
Trog
Zin

Annotations:
D:3 Sigmund


Innate Abilities, Weirdness & Mutations

You reflexively headbutt those who attack you in melee.
You have a pair of horns on your head.


Message History

You feel sick. Something hits you but does no damage.
You are more poisoned.
You closely miss something. Your headbutt misses something.
You feel sick. You block its attack.
You slash something!
You feel sick.
You hear some strange, mumbled words.
Something tries to affect you, but you resist.
You closely miss something.
You feel sick.
You hear some strange, mumbled words.
Something tries to affect you, but you resist.
You closely miss something. Your headbutt misses something.
You feel sick. Something hits you.
* * * LOW HITPOINT WARNING * * *
You closely miss something.
* * * LOW HITPOINT WARNING * * *
You feel sick.
You hear some strange, mumbled words.
A puff of flame appears from out of thin air!
The puff of flame hits you! Something hits you!
You die...

.......)###......#
##.####
.................# #..#
......##.........####.##
.........((..)..†.....#
###......#.....##.#####
........#.....##.##
####.....###.####..#
#.........#####.#
...><.####....@#.#
...... # #.###{#†#
.##... #...# #.#.#
#....##.#.# ..@._......#
#.##....##.## # ##.@.
#.# #.# #.# .!. #.#


There were no monsters in sight!

Vanquished Creatures
  An orc wizard (D:3)
  Terence (D:2)
  Natasha (twice) (D:2)
  A gnoll (D:1)
  An adder (D:2)
  An ooze (D:3)
  3 worms (D:2)
  5 orcs (D:3)
  2 ball pythons
  4 bats
  6 giant cockroaches
  6 goblins
  7 hobgoblins
  3 jackals (D:1)
  2 giant newts
  2 kobolds
  7 rats
54 creatures vanquished.

Notes
Turn   | Place    | Note
--------------------------------------------------------------
     0 | D:1      | Peloso the Minotaur Fighter began the quest for the Orb.
     0 | D:1      | Reached XP level 1. HP: 19/19 MP: 0/0
     0 | D:1      | Noticed a minotaur
     0 | D:1      | Noticed a naga
     0 | D:1      | Noticed a naga
     2 | D:1      | Noticed a troll
     2 | D:1      | Noticed a draconian
     4 | D:1      | Noticed a formicid
     5 | D:1      | Noticed a centaur
     7 | D:1      | Noticed a ghoul
    10 | D:1      | Noticed a dwarf
    14 | D:1      | Noticed a vampire
    14 | D:1      | Noticed an octopode
    46 | D:1      | Noticed a draconian
    48 | D:1      | Noticed a formicid
    48 | D:1      | Noticed a troll
   145 | D:1      | Reached skill level 4 in Fighting
   145 | D:1      | Reached XP level 2. HP: 10/27 MP: 1/1
   324 | D:1      | Found a bloodstained altar of Trog.
   510 | D:1      | Reached XP level 3. HP: 33/33 MP: 2/2
   603 | D:2      | Noticed Terence
   610 | D:2      | Killed Terence
   610 | D:2      | Reached skill level 1 in Dodging
   641 | D:2      | Noticed Natasha
   654 | D:2      | Killed Natasha
   654 | D:2      | Reached XP level 4. HP: 26/41 MP: 3/3
  1004 | D:2      | Found a glowing silver altar of Zin.
  1018 | D:2      | Noticed Natasha
  1047 | D:2      | Killed Natasha
  1355 | D:2      | Found a sacrificial altar of Ru.
  1423 | D:3      | Found an iron altar of Okawaru.
  1428 | D:3      | Became a worshipper of Warmaster Okawaru
  1470 | D:3      | Reached XP level 5. HP: 47/47 MP: 4/4
  1528 | D:3      | Found a shattered altar of Ashenzari.
  1572 | D:3      | Found a blossoming altar of Fedhas.
  1574 | D:3      | Noticed Sigmund
  1600 | D:3      | Slain by Sigmund

Action                   |  1- 3 |  4- 6 || total
-------------------------+-------+-------++-------
Melee: Long sword        |    75 |    92 ||   167
  Use: Potion            |       |     4 ||     4
  Eat: Chunk             |       |     2 ||     2
